 Dungeon Crawl Stone Soup version 0.30-a0-359-gd0147acb1a (webtiles) character file.

Game seed: 15606021463335454044

131 gamesnag the Chopper (level 4, -9/61 HPs)
             Began as a Minotaur Berserker on Nov 11, 2022.
             Was a Believer of Trog.
             Mangled by a gnoll
             ... wielding a +0 halberd
              (13 damage)
             ... on level 3 of the Dungeon.
             The game lasted 00:08:00 (2494 turns).

gamesnag the Chopper (Minotaur Berserker)           Turns: 2494, Time: 00:08:02

Health: -9/61      AC:  5    Str: 24    XL:     4   Next: 91%
Magic:  3/3        EV: 11    Int:  4    God:    Trog [**....]
Gold:   192        SH:  0    Dex:  9    Spells: 3/3 levels left

rFire   . . .      SeeInvis .    a - +0 hand axe
rCold   . . .      Faith    .    (no shield)
rNeg    . . .      Spirit   .    n - +0 ring mail
rPois   .          Reflect  .    (helmet restricted)
rElec   .          Harm     .    (no cloak)
rCorr   .          Rampage  .    (no gloves)
Will    .....                    (no boots)
Stlth   ..........               s - amulet of regeneration
HPRegen 1.10/turn                (no ring)
MPRegen 0.08/turn                (no ring)

@: berserking, very quick
A: horns 2, retaliatory headbutt
a: Renounce Religion, Berserk, Trog's Hand


You were on level 3 of the Dungeon.
You worshipped Trog.
Trog was pleased with you.
You visited 1 branch of the dungeon, and saw 3 of its levels.

You collected 192 gold pieces.

Inventory:

Hand Weapons
 a - a +0 hand axe (weapon)
Missiles
 m - 4 atropa-tipped darts (quivered)
 o - 3 boomerangs
Armour
 b - a +0 animal skin
 n - a +0 ring mail (worn)
 p - a +0 pair of boots
Jewellery
 s - an amulet of regeneration (around neck)
Scrolls
 c - a scroll of magic mapping {unknown}
 d - 4 scrolls of teleportation {unknown}
 e - 2 scrolls of identify {unknown}
 f - a scroll of amnesia {unknown}
 g - a scroll of enchant weapon {unknown}
 j - a scroll of blinking {unknown}
 q - a scroll of silence {unknown}
 r - a scroll of butterflies {unknown}
Potions
 h - 2 potions of heal wounds {unknown}
 i - 2 potions of curing {unknown}
 l - 2 potions of might


   Skills:
 + Level 4.8 Fighting
 + Level 5.3 Axes
 + Level 2.9 Armour
 + Level 2.7 Dodging
 + Level 0.6 Stealth


You had 3 spell levels left.
You didn't know any spells.
Your spell library contained the following spells:

 Spells                   Type           Power      Damage    Failure   Level
 Freeze                   Ice            0%         1d3       65%         1
 Magic Dart               Conj           0%         1d3       65%         1
 Call Imp                 Summ           0%         N/A       78%         2
 Frozen Ramparts          Ice            0%         1d1       95%         3
 Hailstorm                Conj/Ice       0%         3d3       95%         3
 Mephitic Cloud           Conj/Pois/Air  0%         N/A       95%         3


Dungeon Overview and Level Annotations

Branches:
Dungeon (3/15)

Altars:

Shops:
D:2 ?((=:


Innate Abilities, Weirdness & Mutations

You have a pair of horns on your head.
You reflexively headbutt those who attack you in melee.


Message History

The ball python grabs you. The ball python constricts you.
The gnoll hits you with a +0 halberd!
The ball python bites you but does no damage.
The ball python constricts you.
You escape the ball python's grasp.
The gnoll hits you from afar with a +0 halberd.
The ball python closely misses you. You furiously retaliate!
You headbutt the ball python, but do no damage.
The ball python barely misses you.
The gnoll drinks a potion.
The gnoll goes berserk!
An adder comes into view.
The adder hisses angrily.
A ball python comes into view.
The ball python bites you but does no damage.
The ball python grabs you. The ball python constricts you.
You hear a shout!
The ball python hisses angrily.
You escape the ball python's grasp.
The gnoll closely misses you.
You hear a shout!
You hit the ball python.
You kill the ball python!
Trog accepts your kill.
The gnoll hits you from afar with a +0 halberd!
The gnoll barely misses you. The gnoll closely misses you.
You closely miss the gnoll. You headbutt the gnoll.
The gnoll is heavily wounded.
The gnoll misses you. You furiously retaliate!
You headbutt the gnoll. The gnoll hits you with a +0 halberd!!
* * * LOW HITPOINT WARNING * * *
You barely miss the gnoll.
The gnoll is severely wounded.
You hit the gnoll. You barely miss the ball python.
The gnoll barely misses you.
The ball python bites you but does no damage.
The ball python barely misses you. The gnoll closely misses you.
A red film seems to cover your vision as you go berserk!
You feel yourself moving faster!
You feel mighty! The gnoll hits you with a +0 halberd!
You die...

#######
#.#########
#.# #.# #.# .
###### #.#
#.#
.....####.#
###..
.....##.##.g.
#.#.#g..#.#
#...@gg...#
###.#S..###
#.##.##
..##.#
#####.# #'#
.S. .S.


You could see 3 gnolls and a ball python.

Vanquished Creatures
  A gnoll (D:2)
  4 adders
  6 dart slugs
  4 endoplasms
  4 giant cockroaches
  9 goblins
  7 hobgoblins
  5 quokkas
  7 ball pythons
  5 bats
  3 frilled lizards
  8 kobolds
  5 rats
68 creatures vanquished.

Vanquished Creatures (others)
  A fungus (D:3)
  4 plants (D:3)
5 creatures vanquished.

Grand Total: 73 creatures vanquished

Notes
Turn   | Place    | Note
-------+----------+-------------------------------------------
     0 | D:1      | gamesnag the Minotaur Berserker began the quest for the
                  | Orb.
     0 | D:1      | Reached XP level 1. HP: 19/19 MP: 0/0
   252 | D:1      | Reached XP level 2. HP: 27/27 MP: 1/1
   254 | D:1      | Reached skill level 4 in Axes
   713 | D:1      | Reached XP level 3. HP: 34/34 MP: 2/2
   995 | D:2      | Found Juacodyju's Book Boutique.
  1214 | D:2      | Reached ** piety under Trog
  1412 | D:2      | Found Mebruocu's Magic Scroll Shoppe.
  1432 | D:2      | Reached XP level 4. HP: 41/41 MP: 3/3
  1512 | D:2      | Found Lois's Jewellery Emporium.
  1521 | D:2      | Found Vewukk's Antique Weapon Emporium.
  1531 | D:2      | Found Koazecku's Antique Weapon Shop.
  1900 | D:3      | Reached skill level 5 in Axes
  2492 | D:3      | HP: 1/41 [gnoll/+0 halberd (20)]
  2494 | D:3      | Mangled by a gnoll

Illustrated notes

Levels and vault maps discovered:
D:1:      reono_arrival_mine, layout_loops_corners, minmay_pentomino_w4
D:2:      layout_basic, serial_shops, nicolae_shop_trees, shop_statue, shop,
          shop, nicolae_shop_hallway_stairs, minmay_bisected
D:3:      minmay_diamond_boxcup, layout_loops_corners,
          shapermc_ecumenical_altar_rom_forum, uniq_robin

Skill      XL: |  1  2  3  4 |
---------------+-------------+-----
Fighting       | 4 |  4.8
Axes           | 4 5 |  5.3
Armour         | |  2.9
Dodging        | |  2.7
Stealth        | |  0.6

Action                   |  1- 3 |  4- 6 || total
-------------------------+-------+-------++-------
Melee: Hand axe          |    74 |    58 ||   132
       Headbutt          |     6 |    13 ||    19
  Use: Potion            |       |     1 ||     1
 Stab: Sleeping          |     1 |       ||     1
Armor: Animal skin       |    19 |     1 ||    20
       Ring mail         |       |    15 ||    15
Dodge: Dodged            |    47 |    45 ||    92

Table legend: (Time is in decaauts)
 A = Elapsed time spent in this place.
 B = Non-inter-level travel time spent in this place.
 C = Inter-level travel time spent in this place.
 D = Time resting spent in this place.
 E = Time spent auto-exploring this place.
 F = Levels seen in this place.
 G = Mean time per level.
                   A        B        C        D        E       F      G
               +--------+--------+--------+--------+--------+-----+--------+
         Total |   2503 |   2469 |     34 |      0 |   1765 |   3 |  834.3 |
       Dungeon |   2503 |   2469 |     34 |      0 |   1765 |   3 |  834.3 |
               +--------+--------+--------+--------+--------+-----+--------+

Top non-repeatable levels by time:
     D:1: 980 daAuts
     D:2: 778 daAuts
     D:3: 743 daAuts
